 Dungeon Sprint DCSS version 0.28.0-53-g5a82cb258f (webtiles) character file.

Game seed: 11026465698036676931

2503 Zeld the Eclecticist (level 9, -3/45 HPs)
             Began as a Deep Elf Conjurer on June 5, 2022.
             Was a High Priest of Sif Muna.
             Slain by Donald
             ... wielding a +1 demon trident of venom
              (24 damage)
             ... in the Dungeon (Sprint VII: "The Pits").
             The game lasted 00:03:16 (2278 turns).

Zeld the Eclecticist (Deep Elf Conjurer)            Turns: 2278, Time: 00:03:17

Health: -3/45      AC:  4    Str:  4    XL:     9   Next: 28%
Magic:  18/31      EV: 13    Int: 36    God:    Sif Muna [*****.]
Gold:   0          SH:  0    Dex:  8    Spells: 30/41 levels left

rFire   . . .      SeeInvis .   a - +1 broad axe of Destiny {speed, rPois rC+ Int+8 Dex-5}
rCold   + . .      Faith    .   (no shield)
rNeg    . . .      Spirit   .   p - +0 robe
rPois   +          Reflect  .   (no helmet)
rElec   .          Harm     .   m - +0 cloak
rCorr   .          Rampage  .   q - +0 pair of gloves
Will    .....      NoTele   +   (no boots)
Stlth   ++........              (no amulet)
HPRegen 0.15/turn               (no ring)
MPRegen 0.22/turn               (no ring)

@: channelling
A: no striking features
a: Renounce Religion, Channel Magic, Forget Spell, Divine Exegesis


You were in the Dungeon.
You worshipped Sif Muna.
Sif Muna was extremely pleased with you.
You visited 1 branch

Inventory:

Hand Weapons
 a - the +1 broad axe of Destiny (weapon) {speed, rPois rC+ Int+8 Dex-5}
   (You found it in the Dungeon)

   Attacks with this weapon are significantly faster.
   Int:       It affects your intelligence (+8).
   Dex:       It affects your dexterity (-5).
   rC:        It protects you from cold.
   rPois:     It protects you from poison.
Armour
 m - a +0 cloak (worn)
 p - a +0 robe (worn)
 q - a +0 pair of gloves (worn)
Wands
 k - a wand of polymorph (4)
Scrolls
 g - a scroll of blinking
 i - 5 scrolls of amnesia
 j - a scroll of summoning
Potions
 b - 7 potions of curing
 c - 14 potions of heal wounds
 d - 2 potions of haste
 e - 2 potions of magic
 f - 5 potions of berserk rage
 h - 2 potions of invisibility
 l - 2 potions of flight {unknown}
 r - a potion of resistance


   Skills:
 - Level 8.0 Dodging
 - Level 2.4 Stealth
 * Level 16.9 Spellcasting
 * Level 15.0 Conjurations
 - Level 2.0 Hexes
 - Level 2.0 Translocations
 + Level 8.8 Invocations


You had 30 spell levels left.
You knew the following spells:

 Your Spells              Type           Power      Damage    Failure   Level
a - Magic Dart            Conj           100%       1d8       0%          1
b - Searing Ray           Conj           100%       2d8       0%          2
c - Fulminant Prism       Conj/Hex       37%        3d18      1%          4
d - Iskenderun's Mystic   Conj/Tloc      75%        2d15      1%          4

Your spell library contained the following spells:

 Spells                   Type           Power      Damage    Failure   Level
 Wereblood                Tmut           30%        N/A       1%          2
 Conjure Flame            Conj/Fire      71%        6-21      1%          3
 Dazzling Flash           Conj/Hex       100%       N/A       1%          3
 Sticky Flame             Conj/Fire      71%        2d8       1%          4
 Ignite Poison            Fire/Tmut/Pois 30%        N/A       3%          3
 Animate Dead             Necr           15%        N/A       12%         4


Dungeon Overview and Level Annotations

Branches:
Dungeon (1/1)

Altars:
Ashenzari
Cheibriados
Dithmenos
Elyvilon
Fedhas
Gozag
Hepliaklqana
Kikubaaqudgha
Makhleb
Nemelex Xobeh
Okawaru
Qazlal
Ru
Sif Muna
Trog
Uskayaw
Vehumet
Wu Jian
Xom
Yredelemnul
Zin
The Shining One
Beogh
Jiyva
Lugonu

Annotations:
D Donald


Message History

Casting: Iskenderun's Mystic Blast (dangerous; 1% risk of failure)
Confirm with . or Enter, or press ? or * to list all spells.
You erupt in a blast of force!
The mystic blast hits the eight-headed hydra!
The eight-headed hydra is severely wounded.
The eight-headed hydra is knocked back by the mystic blast.
The eight-headed hydra slams into the metal wall!
The eight-headed hydra is almost dead.
Unknown command.
Unknown command.
Casting: Iskenderun's Mystic Blast (dangerous; 1% risk of failure)
Confirm with . or Enter, or press ? or * to list all spells.
You erupt in a blast of force!
The mystic blast hits the eight-headed hydra!
You kill the eight-headed hydra!
Sif Muna accepts your kill.
You hear an angry hiss.
Donald says, "If you wanted to read so much, why didn't you become a librarian?"
Donald hits you from afar with a +1 demon trident of venom!!
Ouch! That really hurt!
Your Spellcasting skill increases to level 16!
Your Conjurations skill increases to level 15!
Your Invocations skill increases to level 8!
You have reached level 9!
Your experience leads to an increase in your attributes!
Your base attributes are Str 4, Int 26, Dex 13.
Increase (S)trength, (I)ntelligence, or (D)exterity?
You feel clever. x2
Donald misses you.
Casting: Iskenderun's Mystic Blast (safe; 1% risk of failure)
Confirm with . or Enter, or press ? or * to list all spells.
You erupt in a blast of force!
The mystic blast hits Donald.
Donald is lightly wounded.
Donald is knocked back by the mystic blast.
Donald slams into the metal wall!
Donald is lightly wounded.
You hear a shout! x2
Donald hits you from afar with a +1 demon trident of venom!!
Ouch! That really hurt!
You die... #..################..##..#... #..# Y# #.#..##...... #..# Y# #W #..##...... #..# Y# #@ #..####++## #..# C# #. #..# #..# Y#W

#..#
#..#########@######..#
#####....................#
__.##...........@........#
__.###########''##########
...###########''######
##'##................#
)'.##......#..#......#
##.##................+
....'................+
#####......#..#......#
#..##................#


You could see Donald (fast, strong), a yak and a shadow.

Vanquished Creatures
  A hydra (D)
  A deep troll (D)
  A phantasmal warrior (D)
  A warg (D)
  2 floating eyes (D)
  A water moccasin (D)
  A wolf (D)
  A bullfrog (D)
  2 gnoll sergeants (D)
  A jelly (D)
  Crazy Yiuf (D)
  An iguana (D)
  An orc wizard (D)
  3 mummies (D)
  5 gnolls (D)
  A river rat (D)
  2 orcs (D)
  A giant cockroach (D)
  4 hobgoblins (D)
  A bat (D)
  A rat (D)
33 creatures vanquished.

Vanquished Creatures (others)
  A fulminant prism (D)
1 creature vanquished.

Grand Total: 34 creatures vanquished

Notes
Turn   | Place    | Note
-------+----------+-------------------------------------------
     0 | D        | Zeld the Deep Elf Conjurer began the quest for the Orb.
     0 | D        | Reached XP level 1. HP: 10/10 MP: 6/6
    19 | D        | Found a bloodstained altar of Trog.
    19 | D        | Found a shimmering blue altar of Sif Muna.
    19 | D        | Found a viscous altar of Jiyva.
    19 | D        | Found a hazy altar of Hepliaklqana.
    19 | D        | Found an opulent altar of Gozag.
    20 | D        | Found a glowing golden altar of the Shining One.
    20 | D        | Found a glowing silver altar of Zin.
    20 | D        | Found a basalt altar of Yredelemnul.
    20 | D        | Found a shimmering altar of Xom.
    20 | D        | Found an ornate altar of the Wu Jian Council.
    20 | D        | Found a sacrificial altar of Ru.
    20 | D        | Found a stormy altar of Qazlal.
    20 | D        | Found an iron altar of Okawaru.
    20 | D        | Found a sparkling altar of Nemelex Xobeh.
    20 | D        | Found a burning altar of Makhleb.
    20 | D        | Found a blossoming altar of Fedhas.
    20 | D        | Found a white marble altar of Elyvilon.
    20 | D        | Found a shadowy altar of Dithmenos.
    20 | D        | Found a snail-covered altar of Cheibriados.
    21 | D        | Found a radiant altar of Vehumet.
    21 | D        | Found a corrupted altar of Lugonu.
    22 | D        | Found an ancient bone altar of Kikubaaqudgha.
    22 | D        | Found a hide-covered altar of Uskayaw.
    22 | D        | Found a broken altar of Ashenzari.
    23 | D        | Became a worshipper of Sif Muna the Loreminder
    25 | D        | Reached skill level 1 in Hexes
   104 | D        | Reached skill level 1 in Translocations
   104 | D        | Reached * piety under Sif Muna
   260 | D        | Noticed a floating eye
   270 | D        | Killed a floating eye
   271 | D        | Reached skill level 8 in Spellcasting
   271 | D        | Reached XP level 2. HP: 15/15 MP: 0/13
   271 | D        | Reached XP level 3. HP: 19/19 MP: 0/15
   271 | D        | Reached XP level 4. HP: 24/24 MP: 0/16
   274 | D        | Learned a level 2 spell: Searing Ray
   279 | D        | Learned a level 4 spell: Fulminant Prism
   284 | D        | Learned a level 4 spell: Iskenderun's Mystic Blast
   475 | D        | Noticed a floating eye
   477 | D        | Killed a floating eye
   477 | D        | Reached ** piety under Sif Muna
   478 | D        | Reached skill level 10 in Spellcasting
   478 | D        | Reached XP level 5. HP: 28/28 MP: 13/19
   487 | D        | Reached *** piety under Sif Muna
   839 | D        | Noticed a water moccasin
   846 | D        | Noticed a wolf
   848 | D        | Killed a water moccasin
   848 | D        | Noticed Crazy Yiuf
   849 | D        | Reached skill level 5 in Dodging
   849 | D        | Reached skill level 11 in Spellcasting
   849 | D        | Reached skill level 10 in Conjurations
   849 | D        | Reached XP level 6. HP: 24/32 MP: 13/22
   861 | D        | Killed Crazy Yiuf
   861 | D        | Reached **** piety under Sif Muna
   864 | D        | Reached skill level 12 in Spellcasting
  1027 | D        | Noticed a warg
  1034 | D        | Killed a warg
  1035 | D        | Reached skill level 5 in Invocations
  1035 | D        | Reached XP level 7. HP: 28/36 MP: 5/25
  1313 | D        | Reached ***** piety under Sif Muna
  1543 | D        | Noticed a phantasmal warrior
  1543 | D        | Noticed a deep troll
  1546 | D        | Received a gift from Sif Muna
  1547 | D        | Reached skill level 13 in Spellcasting
  1562 | D        | Killed a phantasmal warrior
  1562 | D        | Killed a deep troll
  1563 | D        | Reached skill level 15 in Spellcasting
  1563 | D        | Reached XP level 8. HP: 23/41 MP: 10/29
  1568 | D        | Got Sif Muna's Incunabulum of the Postmodern Beds {god
                  | gift}
  1827 | D        | Got the +1 broad axe of Destiny {speed, rPois rC+ Int+8
                  | Dex-5}
  1965 | D        | Received a gift from Sif Muna
  2271 | D        | Noticed an ettin
  2271 | D        | Noticed Donald
  2271 | D        | Noticed an eight-headed hydra
  2276 | D        | Killed an eight-headed hydra
  2277 | D        | Reached skill level 16 in Spellcasting
  2277 | D        | Reached skill level 15 in Conjurations
  2277 | D        | Reached XP level 9. HP: 21/45 MP: 13/31
  2278 | D        | Slain by Donald

Illustrated notes

Levels and vault maps discovered:
D:        pitsprint [storerooms_1, entrance_room_1, metal_vault_4, armoury_1,
          mini_pit_1, grid_room_1, main_hall_1, silver_pit, the_coven_1,
          the_vestibule_1, steel_vault_1, golden_pit, hallway_of_sentries,
          crystal_vault_4, iron_vault_4, final_vault]

Skill      XL: |  1  2  3  4  5  6  7  8 |
---------------+-------------------------+-----
Hexes          | 2 |  2.0
Translocations | 2 |  2.0
Spellcasting   | 8 10 11 12 15 16 | 16.9
Conjurations   | 8 9 10 11 14 15 | 15.0
Dodging        | 4 5 6 8 |  8.0
Invocations    | 2 4 5 7 8 |  8.8
Stealth        | |  2.4

Action                   |  1- 3 |  4- 6 |  7- 9 || total
-------------------------+-------+-------+-------++-------
Melee: Unarmed           |     5 |     3 |     1 ||     9
       Punch             |     1 |       |       ||     1
 Cast: Magic Dart        |     9 |       |       ||     9
       Searing Ray       |       |    12 |       ||    12
       Fulminant Prism   |       |     1 |       ||     1
       Iskenderun's Myst |       |     5 |    25 ||    30
Invok: Channel Magic     |       |       |     1 ||     1
  Use: Potion            |       |       |     2 ||     2
Armor: Robe              |     1 |     2 |       ||     3
Dodge: Dodged            |    10 |    10 |     7 ||    27
